[ AOE2 MATCH · #465128917 ]
Team RMGurjaras vs Khmer
Player's team · WIN
[ REPLAY ANALYSIS · EXTRACTED FROM THE RECORDED GAME ]
Feudal
11:35
Castle
19:41
Imperial
34:04
| APM avg | 17.6 |
| APM peak | 55 |
| eAPM avg | 8.2 |
| Villagers / military | 94 / 120 |
Focus
⚔️ 28.3% · 🌾 71.7%
Chakram Thrower ×110 · Trade Cart ×12 · Bombard Cannon ×6 · Spearman ×4
Feudal
—
Castle
—
Imperial
—
| APM avg | 8.9 |
| APM peak | 26 |
| eAPM avg | 5.7 |
| Villagers / military | 63 / 22 |
Focus
⚔️ 26.9% · 🌾 73.1%
Knight ×9 · Militia ×5 · Mangonel ×4 · Scout Cavalry ×4 · Trade Cart ×3
Feudal
12:44
Castle
29:59
Imperial
—
| APM avg | 21.2 |
| APM peak | 79 |
| eAPM avg | 13.5 |
| Villagers / military | 154 / 80 |
Focus
⚔️ 22.6% · 🌾 77.4%
Ballista Elephant ×26 · Militia ×22 · Spearman ×16 · Battle Elephant ×12 · Cavalry Archer ×4
Feudal
10:25
Castle
25:26
Imperial
—
| APM avg | 16.1 |
| APM peak | 48 |
| eAPM avg | 10.3 |
| Villagers / military | 86 / 235 |
Focus
⚔️ 35.5% · 🌾 64.5%
Huskarl ×221 · Militia ×14
Feudal
14:49
Castle
30:29
Imperial
48:50
| APM avg | 13.8 |
| APM peak | 62 |
| eAPM avg | 8.3 |
| Villagers / military | 77 / 95 |
Focus
⚔️ 35.2% · 🌾 64.8%
Janissary ×52 · Spearman ×43 · Trade Cart ×14
Feudal
14:55
Castle
26:05
Imperial
44:14
| APM avg | 11.2 |
| APM peak | 28 |
| eAPM avg | 7.5 |
| Villagers / military | 137 / 109 |
Focus
⚔️ 23.5% · 🌾 76.5%
Coustillier ×65 · Spearman ×21 · Knight ×19 · Trade Cart ×11 · Trebuchet (Packed) ×3 · Monk ×1
Feudal
11:31
Castle
20:46
Imperial
36:34
| APM avg | 10.4 |
| APM peak | 23 |
| eAPM avg | 7.7 |
| Villagers / military | 75 / 167 |
Focus
⚔️ 30.8% · 🌾 69.2%
Chu Ko Nu ×86 · Fire Lancer ×52 · Militia ×10 · Iron Pagoda ×10 · Skirmisher ×8 · Monk ×1
Feudal
12:34
Castle
29:03
Imperial
45:29
| APM avg | 14.8 |
| APM peak | 48 |
| eAPM avg | 8.7 |
| Villagers / military | 104 / 94 |
Focus
⚔️ 26.7% · 🌾 73.3%
Boyar ×70 · Trade Cart ×15 · Knight ×9 · Trebuchet (Packed) ×8 · Spearman ×7
Match map
Initial resources + every placement click. Lines = walls · curves = elevation contours. ◆ gold · ⬟ stone · ● berries · ✦ relic · ◌ wall gap
Your base· Open — unwalled flank
Miccit88's base· Open — unwalled flank
wiroo99's base· Open — unwalled flank
Toasterhase's base· Open — unwalled flank
S.A.A. ShNiDeR's base· Open — unwalled flank
Ansgar der geile Grönländer's base· Open — unwalled flank
avvo90's base· Open — unwalled flank
Гроза Крипов's base· Open — unwalled flank
Smoothed initial terrain · ◌ = detected wall gap · hover for details
Inputs per minute
— STRONG, BUT TRICKY, ZOG! - - Miccit88
Build order — STRONG, BUT TRICKY, ZOG!
First 150 of 225 actions detected
| 0:07 | Build | House |
| 0:07 | Build | House |
| 0:08 | Build | House |
| 0:09 | Build | House |
| 0:17 | Create | Villager (Male) ×4 |
| 1:28 | Create | Villager (Male) |
| 1:38 | Build | Mill |
| 2:35 | Create | Villager (Male) |
| 2:35 | Create | Villager (Male) |
| 3:12 | Create | Villager (Male) |
| 3:21 | Create | Villager (Male) |
| 3:51 | Create | Villager (Male) |
| 3:51 | Create | Villager (Male) |
| 4:28 | Create | Villager (Male) |
| 4:50 | Create | Villager (Male) |
| 5:10 | Create | Villager (Male) |
| 5:11 | Create | Villager (Male) |
| 5:36 | Create | Villager (Male) |
| 5:49 | Create | Villager (Male) |
| 5:55 | Create | Villager (Male) |
| 6:12 | Create | Villager (Male) |
| 7:23 | Build | Lumber Camp |
| 8:10 | Create | Villager (Male) |
| 8:10 | Create | Villager (Male) |
| 8:55 | Build | Mining Camp |
| 9:25 | Research | Feudal Age |
| 10:04 | Build | House |
| 10:04 | Build | House |
| 10:05 | Build | House |
| 10:06 | Build | House |
| 10:20 | Build | Farm |
| 10:23 | Build | Farm |
| 10:27 | Build | Farm |
| 10:30 | Build | Farm |
| 10:34 | Build | Farm |
| 10:49 | Create | Villager (Male) ×5 |
| 11:01 | Build | Farm |
| 11:05 | Build | Farm |
| 11:35 | Age | Feudal Age |
| 11:42 | Build | Farm |
| 12:14 | Build | Stone Wall |
| 12:24 | Create | Villager (Male) ×5 |
| 12:55 | Build | Market |
| 13:13 | Build | Farm |
| 13:40 | Build | Farm |
| 14:00 | Build | Farm |
| 14:28 | Build | Farm |
| 14:54 | Create | Villager (Male) |
| 14:54 | Create | Villager (Male) |
| 14:55 | Create | Villager (Male) |
| 15:25 | Build | Blacksmith |
| 15:49 | Build | Mining Camp |
| 16:43 | Build | Stone Wall |
| 16:52 | Research | Castle Age |
| 16:55 | Research | Forging |
| 17:00 | Research | Horse Collar |
| 17:03 | Research | Double-Bit Axe |
| 17:07 | Research | Stone Mining |
| 17:19 | Research | Gold Mining |
| 17:57 | Research | Forging |
| 18:31 | Research | Scale Mail Armor |
| 19:05 | Build | Gate |
| 19:36 | Build | Barracks |
| 19:38 | Create | Villager (Male) ×5 |
| 19:41 | Age | Castle Age |
| 20:07 | Build | Castle |
| 20:15 | Build | Farm |
| 20:34 | Create | Spearman |
| 20:34 | Create | Spearman |
| 20:35 | Create | Spearman |
| 20:35 | Create | Spearman |
| 20:41 | Research | Arson |
| 20:50 | Build | Gate |
| 20:59 | Build | Farm |
| 21:00 | Build | Farm |
| 21:21 | Build | Town Center |
| 21:31 | Build | Farm |
| 22:12 | Build | Farm |
| 22:16 | Build | Farm |
| 22:19 | Create | Villager (Male) ×5 |
| 22:25 | Create | Chakram Thrower |
| 22:26 | Create | Chakram Thrower ×4 |
| 22:51 | Build | Stone Wall |
| 23:01 | Build | Farm |
| 23:24 | Create | Villager (Male) ×5 |
| 23:30 | Build | Farm |
| 23:42 | Build | Farm |
| 24:35 | Build | Farm |
| 24:41 | Build | Farm |
| 24:46 | Create | Villager (Male) ×5 |
| 24:57 | Research | Iron Casting |
| 25:07 | Build | Gate |
| 25:23 | Research | Kshatriyas |
| 25:36 | Build | Farm |
| 25:42 | Build | Farm |
| 25:49 | Create | Villager (Male) ×5 |
| 25:52 | Create | Villager (Male) |
| 26:09 | Build | Farm |
| 26:26 | Research | Heavy Plow |
| 26:45 | Build | Farm |
| 26:57 | Build | Farm |
| 27:06 | Create | Villager (Male) ×5 |
| 27:11 | Build | Farm |
| 27:17 | Create | Chakram Thrower ×5 |
| 27:36 | Research | Iron Casting |
| 27:43 | Build | Farm |
| 28:05 | Build | House |
| 28:06 | Build | House |
| 28:08 | Build | House |
| 28:09 | Build | House |
| 28:19 | Research | Bow Saw |
| 28:22 | Research | Stone Shaft Mining |
| 28:45 | Research | Gold Shaft Mining |
| 28:54 | Create | Villager (Male) |
| 29:09 | Research | Chain Mail Armor |
| 29:23 | Build | Farm |
| 29:30 | Create | Villager (Male) ×5 |
| 30:12 | Build | Farm |
| 30:16 | Build | Farm |
| 30:30 | Build | University |
| 30:36 | Research | Fletching |
| 30:40 | Research | Scale Barding Armor |
| 30:44 | Build | Farm |
| 30:54 | Research | Imperial Age |
| 31:05 | Create | Chakram Thrower |
| 31:12 | Build | Farm |
| 31:17 | Build | Farm |
| 31:32 | Create | Chakram Thrower ×5 |
| 31:43 | Build | Stable |
| 31:44 | Build | Stable |
| 31:45 | Build | Stable |
| 31:53 | Research | Chain Barding Armor |
| 31:57 | Build | Farm |
| 32:00 | Create | Villager (Male) |
| 32:00 | Create | Villager (Male) |
| 32:01 | Create | Villager (Male) |
| 32:09 | Build | Farm |
| 32:17 | Research | Ballistics |
| 32:33 | Build | House |
| 32:34 | Build | House |
| 32:34 | Build | House |
| 32:35 | Build | House |
| 32:36 | Build | House |
| 32:37 | Build | House |
| 32:52 | Build | Castle |
| 32:59 | Build | Farm |
| 33:03 | Build | Farm |
| 33:38 | Create | Chakram Thrower ×5 |
| 33:47 | Research | Murder Holes |
| 33:52 | Research | Wheelbarrow |
Build order — Miccit88
First 150 of 159 actions detected
| 0:05 | Build | House |
| 0:06 | Build | House |
| 0:13 | Create | Villager (Male) |
| 0:13 | Create | Villager (Male) |
| 0:13 | Create | Villager (Male) |
| 0:14 | Create | Villager (Male) |
| 0:14 | Create | Villager (Male) |
| 0:57 | Build | House |
| 1:32 | Create | Villager (Male) |
| 2:20 | Create | Villager (Male) |
| 3:23 | Create | Villager (Male) |
| 3:23 | Create | Villager (Male) |
| 3:23 | Create | Villager (Male) |
| 3:24 | Create | Villager (Male) |
| 3:57 | Build | Mill |
| 4:16 | Create | Villager (Male) |
| 5:09 | Create | Villager (Male) |
| 6:00 | Create | Villager (Male) |
| 6:26 | Create | Villager (Male) |
| 6:33 | Build | Mining Camp |
| 6:55 | Build | House |
| 7:05 | Create | Villager (Male) |
| 7:37 | Create | Villager (Male) |
| 7:43 | Build | Lumber Camp |
| 8:11 | Create | Villager (Male) |
| 8:38 | Create | Villager (Male) |
| 9:05 | Create | Villager (Male) |
| 9:49 | Build | Mining Camp |
| 10:26 | Create | Villager (Male) |
| 10:29 | Research | Feudal Age |
| 10:31 | Create | Villager (Male) |
| 11:40 | Create | Villager (Male) |
| 11:50 | Build | House |
| 12:04 | Build | Barracks |
| 12:40 | Research | Double-Bit Axe |
| 12:42 | Research | Horse Collar |
| 13:02 | Build | Farm |
| 13:13 | Create | Villager (Male) |
| 13:30 | Build | Farm |
| 13:53 | Build | Farm |
| 14:00 | Build | Farm |
| 14:05 | Create | Villager (Male) |
| 14:19 | Build | Stable |
| 14:24 | Create | Villager (Male) |
| 14:46 | Build | Farm |
| 15:05 | Build | House |
| 15:12 | Create | Scout Cavalry |
| 15:12 | Create | Scout Cavalry |
| 15:13 | Create | Scout Cavalry |
| 15:33 | Build | Farm |
| 15:54 | Build | Farm |
| 16:11 | Build | Farm |
| 16:12 | Create | Villager (Male) |
| 16:12 | Create | Villager (Male) |
| 16:23 | Build | Farm |
| 16:36 | Create | Villager (Male) |
| 16:49 | Build | Farm |
| 17:04 | Create | Scout Cavalry |
| 17:26 | Create | Militia |
| 17:26 | Create | Militia |
| 17:27 | Create | Militia |
| 17:35 | Build | Farm |
| 17:38 | Build | Farm |
| 17:41 | Create | Villager (Male) |
| 18:04 | Build | House |
| 19:19 | Build | Farm |
| 19:24 | Create | Villager (Male) |
| 19:25 | Create | Villager (Male) |
| 19:35 | Research | Man-at-Arms (upgrade) |
| 21:05 | Create | Villager (Male) |
| 21:05 | Create | Villager (Male) |
| 21:15 | Research | Castle Age |
| 22:35 | Build | House |
| 22:36 | Build | House |
| 23:57 | Create | Villager (Male) |
| 23:57 | Create | Villager (Male) |
| 24:13 | Build | Stone Wall |
| 24:21 | Build | Stone Wall |
| 24:24 | Create | Villager (Male) |
| 24:25 | Create | Villager (Male) |
| 25:36 | Create | Villager (Male) |
| 25:37 | Create | Villager (Male) |
| 25:49 | Build | Castle |
| 26:32 | Build | Town Center |
| 26:45 | Research | Bow Saw |
| 26:49 | Research | Heavy Plow |
| 26:59 | Create | Villager (Male) |
| 26:59 | Create | Villager (Male) |
| 27:13 | Build | Farm |
| 27:15 | Research | Gold Mining |
| 27:20 | Research | Stone Mining |
| 27:22 | Research | Husbandry |
| 27:37 | Build | Gate |
| 27:55 | Build | Stone Wall |
| 28:05 | Build | Gate |
| 28:43 | Build | University |
| 28:51 | Build | Market |
| 29:05 | Create | Villager (Male) |
| 29:05 | Create | Villager (Male) |
| 29:13 | Research | Wheelbarrow |
| 29:18 | Create | Villager (Male) |
| 29:45 | Build | Siege Workshop |
| 30:18 | Build | Monastery |
| 30:38 | Build | Stone Wall |
| 30:49 | Build | Gate |
| 30:59 | Research | Imperial Age |
| 31:06 | Create | Villager (Male) |
| 31:07 | Create | Villager (Male) |
| 31:11 | Research | Town Watch |
| 31:22 | Build | Farm |
| 31:26 | Research | Tusk Swords |
| 31:41 | Build | Blacksmith |
| 31:44 | Build | Farm |
| 32:09 | Research | Gold Shaft Mining |
| 32:13 | Research | Stone Shaft Mining |
| 32:34 | Create | Trade Cart |
| 32:35 | Create | Trade Cart |
| 32:37 | Create | Trade Cart |
| 32:59 | Create | Knight |
| 32:59 | Create | Knight |
| 32:59 | Create | Knight |
| 32:59 | Create | Knight |
| 34:25 | Create | Militia |
| 34:25 | Create | Militia |
| 34:32 | Research | Scale Barding Armor |
| 34:34 | Research | Fletching |
| 34:41 | Create | Mangonel |
| 35:58 | Create | Knight |
| 37:28 | Create | Villager (Male) |
| 37:28 | Create | Villager (Male) |
| 37:48 | Build | Mining Camp |
| 37:54 | Research | Conscription |
| 38:34 | Build | Farm |
| 38:35 | Build | Farm |
| 38:39 | Create | Villager (Male) |
| 38:39 | Create | Villager (Male) |
| 38:40 | Create | Villager (Male) |
| 38:40 | Create | Villager (Male) |
| 39:05 | Create | Knight |
| 39:06 | Create | Knight |
| 39:10 | Create | Mangonel |
| 40:32 | Create | Villager (Male) |
| 40:32 | Create | Villager (Male) |
| 40:37 | Create | Villager (Male) |
| 40:37 | Create | Villager (Male) |
| 40:38 | Create | Villager (Male) |
| 40:40 | Research | Hand Cart |
| 41:25 | Create | Mangonel |
| 42:01 | Create | Mangonel |
| 42:06 | Create | Knight |
Build order — wiroo99
First 150 of 388 actions detected
| 0:05 | Build | House |
| 0:07 | Create | Villager (Male) |
| 0:08 | Create | Villager (Male) |
| 0:08 | Create | Villager (Male) |
| 0:08 | Create | Villager (Male) |
| 0:08 | Create | Villager (Male) |
| 0:37 | Build | House |
| 0:40 | Build | House |
| 0:42 | Build | House |
| 1:42 | Create | Villager (Male) |
| 1:42 | Create | Villager (Male) |
| 1:42 | Create | Villager (Male) |
| 2:43 | Create | Villager (Male) |
| 2:43 | Create | Villager (Male) |
| 2:43 | Create | Villager (Male) |
| 2:43 | Create | Villager (Male) |
| 3:02 | Create | Villager (Male) |
| 3:02 | Create | Villager (Male) |
| 3:43 | Create | Villager (Male) |
| 3:44 | Create | Villager (Male) |
| 3:44 | Create | Villager (Male) |
| 3:56 | Build | Mill |
| 4:23 | Create | Villager (Male) |
| 4:24 | Create | Villager (Male) |
| 4:24 | Create | Villager (Male) |
| 4:24 | Create | Villager (Male) |
| 5:46 | Create | Villager (Male) |
| 5:46 | Create | Villager (Male) |
| 5:46 | Create | Villager (Male) |
| 5:47 | Create | Villager (Male) |
| 6:45 | Create | Villager (Male) |
| 6:45 | Create | Villager (Male) |
| 6:46 | Create | Villager (Male) |
| 6:55 | Build | Lumber Camp |
| 7:30 | Create | Villager (Male) |
| 7:31 | Create | Villager (Male) |
| 7:31 | Create | Villager (Male) |
| 7:31 | Create | Villager (Male) |
| 7:32 | Create | Villager (Male) |
| 8:31 | Build | House |
| 9:03 | Build | House |
| 10:00 | Build | Mill |
| 10:05 | Create | Villager (Male) |
| 10:09 | Create | Villager (Male) |
| 10:34 | Research | Feudal Age |
| 10:34 | Research | Feudal Age |
| 11:16 | Build | Mining Camp |
| 12:21 | Create | Villager (Male) |
| 12:22 | Create | Villager (Male) |
| 12:22 | Create | Villager (Male) |
| 12:22 | Create | Villager (Male) |
| 12:44 | Age | Feudal Age |
| 13:15 | Build | House |
| 13:18 | Build | House |
| 13:20 | Build | House |
| 13:27 | Research | Horse Collar |
| 13:27 | Research | Horse Collar |
| 14:27 | Create | Villager (Male) |
| 14:27 | Create | Villager (Male) |
| 14:28 | Create | Villager (Male) |
| 14:31 | Create | Villager (Male) |
| 14:31 | Create | Villager (Male) |
| 14:31 | Create | Villager (Male) |
| 14:31 | Create | Villager (Male) |
| 14:45 | Research | Double-Bit Axe |
| 14:51 | Build | Mining Camp |
| 14:59 | Build | House |
| 15:03 | Build | House |
| 15:06 | Build | House |
| 15:33 | Create | Villager (Male) |
| 16:16 | Build | Barracks |
| 16:38 | Build | Lumber Camp |
| 16:51 | Build | Farm |
| 17:18 | Create | Spearman |
| 17:19 | Create | Spearman |
| 17:19 | Create | Spearman |
| 17:20 | Create | Spearman |
| 18:13 | Build | Farm |
| 18:16 | Build | Farm |
| 18:20 | Build | Farm |
| 18:23 | Build | Farm |
| 18:26 | Create | Spearman |
| 18:26 | Create | Spearman |
| 18:26 | Create | Spearman |
| 18:27 | Create | Spearman |
| 18:27 | Create | Spearman |
| 18:27 | Create | Spearman |
| 18:27 | Create | Spearman |
| 18:27 | Create | Spearman |
| 18:35 | Build | Farm |
| 18:38 | Build | Farm |
| 18:42 | Build | Farm |
| 18:47 | Build | Farm |
| 19:05 | Build | Farm |
| 19:11 | Build | Farm |
| 19:53 | Build | Archery Range |
| 19:58 | Create | Villager (Male) |
| 19:58 | Create | Villager (Male) |
| 19:58 | Create | Villager (Male) |
| 19:59 | Create | Villager (Male) |
| 19:59 | Create | Villager (Male) |
| 19:59 | Create | Villager (Male) |
| 19:59 | Create | Villager (Male) |
| 20:17 | Create | Spearman |
| 20:18 | Create | Spearman |
| 21:22 | Research | Man-at-Arms (upgrade) |
| 21:23 | Research | Arson |
| 21:24 | Create | Spearman |
| 21:24 | Create | Spearman |
| 21:45 | Create | Villager (Male) |
| 21:45 | Create | Villager (Male) |
| 21:46 | Create | Villager (Male) |
| 22:14 | Build | Mining Camp |
| 22:24 | Create | Militia |
| 22:25 | Create | Militia |
| 22:25 | Create | Militia |
| 22:25 | Create | Militia |
| 22:26 | Create | Militia |
| 22:46 | Build | Farm |
| 23:11 | Research | Gold Mining |
| 23:11 | Research | Stone Mining |
| 23:11 | Research | Stone Mining |
| 23:28 | Create | Villager (Male) |
| 23:28 | Create | Villager (Male) |
| 23:29 | Create | Villager (Male) |
| 23:29 | Create | Villager (Male) |
| 23:36 | Build | Farm |
| 23:47 | Build | Farm |
| 23:53 | Build | Farm |
| 24:02 | Research | Stone Mining |
| 24:04 | Create | Villager (Male) |
| 24:05 | Create | Villager (Male) |
| 24:05 | Create | Villager (Male) |
| 24:21 | Build | Farm |
| 24:27 | Build | Farm |
| 24:30 | Create | Villager (Male) |
| 24:30 | Create | Villager (Male) |
| 24:30 | Create | Villager (Male) |
| 24:30 | Create | Villager (Male) |
| 24:38 | Build | Farm |
| 24:41 | Build | Farm |
| 24:51 | Build | Farm |
| 24:55 | Build | Farm |
| 25:02 | Build | Farm |
| 25:14 | Create | Villager (Male) |
| 25:14 | Create | Villager (Male) |
| 25:14 | Create | Villager (Male) |
| 25:14 | Create | Villager (Male) |
| 25:15 | Create | Villager (Male) |
| 25:45 | Build | House |
Build order — Toasterhase
First 150 of 284 actions detected
| 0:01 | Create | Villager (Male) |
| 0:01 | Create | Villager (Male) |
| 0:02 | Create | Villager (Male) |
| 0:03 | Build | House |
| 0:05 | Build | House |
| 0:34 | Create | Villager (Male) |
| 1:33 | Create | Villager (Male) |
| 2:00 | Build | Lumber Camp |
| 2:08 | Create | Villager (Male) |
| 2:36 | Create | Villager (Male) |
| 3:06 | Create | Villager (Male) |
| 3:19 | Create | Villager (Male) |
| 3:47 | Build | House |
| 4:01 | Create | Villager (Male) |
| 4:14 | Build | Mill |
| 4:30 | Create | Villager (Male) |
| 4:51 | Create | Villager (Male) |
| 5:37 | Create | Villager (Male) |
| 6:06 | Create | Villager (Male) |
| 6:33 | Create | Villager (Male) |
| 7:02 | Create | Villager (Male) |
| 7:34 | Create | Villager (Male) |
| 7:38 | Build | House |
| 7:59 | Research | Loom |
| 8:12 | Build | Barracks |
| 8:15 | Research | Feudal Age |
| 8:51 | Create | Villager (Male) |
| 9:41 | Create | Militia ×2 |
| 10:17 | Build | Mining Camp |
| 10:25 | Age | Feudal Age |
| 10:30 | Create | Villager (Male) |
| 10:33 | Create | Militia |
| 10:53 | Create | Villager (Male) |
| 10:57 | Build | House |
| 11:32 | Create | Villager (Male) |
| 12:06 | Build | House |
| 12:11 | Create | Villager (Male) |
| 12:12 | Research | Double-Bit Axe |
| 12:15 | Research | Horse Collar |
| 12:21 | Create | Militia |
| 12:32 | Create | Villager (Male) |
| 12:38 | Build | Market |
| 12:43 | Build | Blacksmith |
| 12:55 | Create | Militia |
| 13:18 | Create | Villager (Male) |
| 13:20 | Research | Town Watch |
| 13:27 | Build | Farm |
| 13:27 | Build | Farm |
| 13:28 | Build | Farm |
| 13:28 | Build | Farm |
| 13:28 | Build | Farm |
| 13:28 | Build | Farm |
| 13:38 | Build | House |
| 13:41 | Create | Villager (Male) |
| 13:53 | Research | Man-at-Arms (upgrade) |
| 14:04 | Create | Villager (Male) |
| 14:13 | Build | Farm |
| 14:20 | Research | Scale Mail Armor |
| 14:21 | Research | Forging |
| 14:43 | Build | House |
| 14:45 | Build | Palisade Wall |
| 14:50 | Build | Farm |
| 14:52 | Build | Farm |
| 15:06 | Create | Villager (Male) |
| 15:14 | Build | Farm |
| 15:16 | Build | Farm |
| 15:37 | Create | Villager (Male) |
| 15:41 | Build | Farm |
| 15:42 | Build | Farm |
| 15:47 | Build | House |
| 15:53 | Create | Villager (Male) |
| 16:02 | Build | House |
| 16:04 | Build | Palisade Wall |
| 16:18 | Create | Militia |
| 16:18 | Create | Militia |
| 16:25 | Build | Farm |
| 16:34 | Build | Farm |
| 16:37 | Build | Farm |
| 17:10 | Create | Militia |
| 17:27 | Create | Villager (Male) |
| 17:39 | Create | Militia |
| 18:21 | Build | Farm |
| 18:24 | Build | House |
| 18:26 | Research | Wheelbarrow |
| 18:34 | Build | Farm |
| 18:37 | Build | Farm |
| 18:41 | Build | Farm |
| 18:45 | Build | Farm |
| 18:50 | Research | Gold Mining |
| 19:43 | Build | House |
| 19:50 | Create | Villager (Male) |
| 20:05 | Build | Palisade Wall |
| 20:07 | Build | Palisade Wall |
| 21:04 | Create | Militia |
| 21:04 | Create | Militia |
| 21:19 | Create | Villager (Male) |
| 21:25 | Build | House |
| 21:27 | Create | Militia |
| 21:33 | Build | Archery Range |
| 22:21 | Create | Villager (Male) |
| 22:29 | Research | Castle Age |
| 22:34 | Build | Farm |
| 22:36 | Build | Mining Camp |
| 23:09 | Create | Militia |
| 23:10 | Create | Militia |
| 23:27 | Build | Barracks |
| 23:29 | Build | Barracks |
| 23:30 | Build | Barracks |
| 23:47 | Create | Villager (Male) |
| 24:50 | Create | Villager (Male) |
| 25:26 | Age | Castle Age |
| 25:30 | Research | Long Swordsman (upgrade) |
| 25:33 | Research | Squires |
| 26:22 | Build | Castle |
| 26:34 | Research | Town Patrol |
| 26:36 | Create | Villager (Male) |
| 26:36 | Create | Villager (Male) |
| 26:44 | Build | Farm |
| 26:46 | Create | Villager (Male) |
| 27:06 | Build | Town Center |
| 27:09 | Research | Hand Cart |
| 27:19 | Build | Castle |
| 28:11 | Create | Villager (Male) |
| 28:11 | Create | Villager (Male) |
| 28:15 | Create | Huskarl |
| 28:16 | Create | Huskarl |
| 28:34 | Create | Huskarl |
| 29:02 | Build | Farm |
| 29:18 | Create | Huskarl ×2 |
| 29:27 | Build | Farm |
| 29:27 | Build | Farm |
| 29:27 | Build | Farm |
| 29:28 | Build | Farm |
| 29:49 | Create | Villager (Male) |
| 29:59 | Create | Huskarl ×2 |
| 30:16 | Build | Farm |
| 30:22 | Create | Villager (Male) ×3 |
| 30:25 | Build | Farm |
| 30:45 | Create | Huskarl |
| 31:05 | Build | Farm |
| 31:21 | Build | House |
| 31:22 | Build | House |
| 31:36 | Research | Anarchy |
| 31:39 | Create | Villager (Male) |
| 31:39 | Create | Villager (Male) |
| 31:41 | Create | Villager (Male) |
| 32:01 | Build | Monastery |
| 32:10 | Build | House |
| 32:22 | Build | House |
| 32:29 | Create | Huskarl ×5 |
Build order — S.A.A. ShNiDeR
First 150 of 295 actions detected
| 0:17 | Build | House |
| 0:19 | Build | House |
| 0:20 | Build | House |
| 0:25 | Build | House |
| 0:32 | Research | Loom |
| 0:32 | Create | Villager (Male) |
| 0:33 | Create | Villager (Male) |
| 0:33 | Create | Villager (Male) |
| 0:33 | Create | Villager (Male) |
| 0:33 | Create | Villager (Male) |
| 3:12 | Create | Villager (Male) |
| 3:13 | Create | Villager (Male) |
| 3:13 | Create | Villager (Male) |
| 3:13 | Create | Villager (Male) |
| 4:13 | Create | Villager (Male) |
| 4:57 | Create | Villager (Male) |
| 4:57 | Create | Villager (Male) |
| 4:58 | Create | Villager (Male) |
| 4:58 | Create | Villager (Male) |
| 4:58 | Create | Villager (Male) |
| 4:58 | Create | Villager (Male) |
| 6:11 | Create | Villager (Male) |
| 6:11 | Create | Villager (Male) |
| 9:08 | Create | Villager (Male) |
| 9:08 | Create | Villager (Male) |
| 9:08 | Create | Villager (Male) |
| 11:09 | Build | Lumber Camp |
| 11:13 | Create | Villager (Male) |
| 12:07 | Build | Mill |
| 12:39 | Research | Feudal Age |
| 13:34 | Create | Villager (Male) |
| 13:34 | Create | Villager (Male) |
| 13:35 | Create | Villager (Male) |
| 13:35 | Create | Villager (Male) |
| 13:35 | Create | Villager (Male) |
| 14:49 | Age | Feudal Age |
| 14:53 | Research | Wheelbarrow |
| 15:25 | Build | Mining Camp |
| 15:39 | Research | Town Watch |
| 15:42 | Create | Villager (Male) |
| 15:42 | Create | Villager (Male) |
| 15:43 | Create | Villager (Male) |
| 16:06 | Research | Double-Bit Axe |
| 16:45 | Build | House |
| 16:49 | Build | House |
| 17:05 | Research | Horse Collar |
| 17:15 | Build | Farm |
| 17:22 | Build | Farm |
| 17:29 | Build | Farm |
| 17:47 | Build | Farm |
| 18:37 | Build | Farm |
| 19:12 | Create | Villager (Male) |
| 19:13 | Create | Villager (Male) |
| 19:13 | Create | Villager (Male) |
| 19:14 | Create | Villager (Male) |
| 19:14 | Create | Villager (Male) |
| 19:24 | Build | Farm |
| 19:28 | Build | Farm |
| 19:33 | Build | Farm |
| 19:44 | Build | Farm |
| 19:50 | Build | Farm |
| 19:55 | Build | Farm |
| 20:04 | Build | Farm |
| 20:20 | Build | Market |
| 20:24 | Build | Farm |
| 20:30 | Research | Gold Mining |
| 20:31 | Research | Stone Mining |
| 20:52 | Build | Farm |
| 20:54 | Create | Villager (Male) |
| 20:55 | Create | Villager (Male) |
| 20:55 | Create | Villager (Male) |
| 21:12 | Build | Blacksmith |
| 21:23 | Build | Mining Camp |
| 22:22 | Build | Barracks |
| 22:25 | Build | Barracks |
| 22:27 | Build | Barracks |
| 22:46 | Create | Villager (Male) |
| 22:46 | Create | Villager (Male) |
| 22:47 | Create | Villager (Male) |
| 22:47 | Create | Villager (Male) |
| 22:47 | Create | Villager (Male) |
| 22:48 | Create | Villager (Male) |
| 22:48 | Create | Villager (Male) |
| 22:50 | Create | Villager (Male) |
| 22:51 | Create | Villager (Male) |
| 22:51 | Create | Villager (Male) |
| 24:28 | Build | House |
| 24:29 | Build | House |
| 24:32 | Build | House |
| 24:34 | Build | House |
| 25:16 | Research | Castle Age |
| 25:31 | Create | Spearman |
| 25:31 | Create | Spearman |
| 25:31 | Create | Spearman |
| 25:31 | Create | Spearman |
| 25:31 | Create | Spearman |
| 25:32 | Create | Spearman |
| 25:33 | Create | Spearman |
| 27:18 | Build | Farm |
| 27:38 | Build | Farm |
| 27:57 | Build | Farm |
| 29:28 | Research | Forging |
| 29:28 | Research | Scale Mail Armor |
| 29:28 | Research | Scale Barding Armor |
| 29:30 | Research | Fletching |
| 29:30 | Research | Padded Archer Armor |
| 30:01 | Create | Spearman |
| 30:02 | Create | Spearman |
| 30:02 | Create | Spearman |
| 30:02 | Create | Spearman |
| 30:03 | Create | Spearman |
| 30:03 | Create | Spearman |
| 30:03 | Create | Spearman |
| 30:03 | Create | Spearman |
| 30:29 | Age | Castle Age |
| 31:11 | Build | Town Center |
| 31:16 | Research | Bow Saw |
| 31:21 | Research | Heavy Plow |
| 31:36 | Build | Castle |
| 31:55 | Create | Villager (Male) |
| 31:55 | Create | Villager (Male) |
| 31:56 | Create | Villager (Male) |
| 31:56 | Create | Villager (Male) |
| 31:56 | Create | Villager (Male) |
| 31:56 | Create | Villager (Male) |
| 31:56 | Create | Villager (Male) |
| 32:04 | Research | Hand Cart |
| 32:05 | Research | Town Patrol |
| 33:12 | Create | Villager (Male) |
| 33:13 | Create | Villager (Male) |
| 33:13 | Create | Villager (Male) |
| 33:13 | Create | Villager (Male) |
| 33:15 | Create | Villager (Male) |
| 33:15 | Create | Villager (Male) |
| 33:16 | Create | Villager (Male) |
| 33:18 | Create | Villager (Male) |
| 33:19 | Create | Villager (Male) |
| 33:50 | Research | Iron Casting |
| 33:51 | Research | Bodkin Arrow |
| 34:27 | Build | Farm |
| 34:45 | Build | Farm |
| 35:11 | Build | Farm |
| 35:18 | Research | Chain Mail Armor |
| 35:18 | Research | Chain Barding Armor |
| 35:20 | Research | Leather Archer Armor |
| 35:32 | Build | Farm |
| 35:45 | Research | Caravan |
| 35:57 | Create | Villager (Male) |
| 35:58 | Create | Villager (Male) |
| 35:58 | Create | Villager (Male) |
Build order — Ansgar der geile Grönländer
First 150 of 234 actions detected
| 0:05 | Create | Villager (Male) ×4 |
| 0:05 | Create | Villager (Male) ×4 |
| 0:15 | Build | House |
| 0:17 | Build | House |
| 2:14 | Create | Villager (Male) |
| 2:25 | Create | Villager (Male) |
| 2:27 | Research | Loom |
| 2:51 | Create | Villager (Male) |
| 3:33 | Create | Villager (Male) |
| 3:34 | Create | Villager (Male) |
| 3:51 | Build | Lumber Camp |
| 4:16 | Research | Wheelbarrow |
| 4:46 | Create | Villager (Male) |
| 5:11 | Create | Villager (Male) |
| 5:33 | Create | Villager (Male) |
| 5:49 | Create | Villager (Male) |
| 6:43 | Build | Mill |
| 6:58 | Build | House |
| 7:23 | Build | House |
| 7:34 | Create | Villager (Male) |
| 9:30 | Create | Villager (Male) |
| 9:30 | Create | Villager (Male) |
| 9:30 | Create | Villager (Male) |
| 10:37 | Build | Farm |
| 10:42 | Build | Farm |
| 10:54 | Build | Farm |
| 10:55 | Build | Farm |
| 10:55 | Build | Farm |
| 10:57 | Build | Farm |
| 10:57 | Build | Farm |
| 12:02 | Create | Villager (Male) |
| 12:45 | Research | Feudal Age |
| 12:56 | Build | House |
| 12:57 | Build | House |
| 12:59 | Build | House |
| 13:01 | Build | House |
| 13:03 | Build | House |
| 13:05 | Build | House |
| 13:06 | Build | House |
| 13:14 | Build | House |
| 13:17 | Build | House |
| 13:37 | Research | Double-Bit Axe |
| 13:42 | Research | Horse Collar |
| 14:33 | Build | Barracks |
| 14:55 | Age | Feudal Age |
| 15:17 | Research | Town Watch |
| 15:19 | Create | Villager (Male) ×5 |
| 15:19 | Create | Villager (Male) ×5 |
| 15:20 | Create | Villager (Male) |
| 15:20 | Create | Villager (Male) |
| 15:43 | Build | Archery Range |
| 16:26 | Research | Bow Saw |
| 16:46 | Build | Farm |
| 16:56 | Build | Mining Camp |
| 17:40 | Create | Spearman |
| 17:40 | Create | Spearman |
| 17:41 | Create | Spearman |
| 17:41 | Create | Spearman |
| 17:41 | Create | Spearman |
| 17:41 | Create | Spearman |
| 17:42 | Create | Spearman |
| 17:42 | Create | Spearman |
| 18:06 | Build | Watch Tower |
| 18:38 | Build | Mining Camp |
| 18:52 | Research | Heavy Plow |
| 19:46 | Build | Farm |
| 19:47 | Build | Farm |
| 19:48 | Build | Farm |
| 19:49 | Build | Farm |
| 19:49 | Build | Farm |
| 20:45 | Build | Farm |
| 20:51 | Build | Farm |
| 21:09 | Build | Farm |
| 21:20 | Create | Villager (Male) ×5 |
| 21:21 | Create | Villager (Male) ×5 |
| 22:23 | Build | Blacksmith |
| 23:16 | Research | Castle Age |
| 23:24 | Build | Market |
| 25:05 | Build | Lumber Camp |
| 25:32 | Build | Stable |
| 25:43 | Create | Villager (Male) |
| 25:44 | Create | Villager (Male) |
| 25:46 | Create | Villager (Male) ×5 |
| 25:48 | Create | Villager (Male) ×5 |
| 26:05 | Age | Castle Age |
| 26:51 | Build | Farm |
| 26:58 | Research | Cavalier (upgrade) |
| 27:01 | Research | Husbandry |
| 27:08 | Research | Forging |
| 27:09 | Research | Scale Mail Armor |
| 27:14 | Research | Scale Barding Armor |
| 28:07 | Research | Stone Mining |
| 28:09 | Research | Gold Mining |
| 28:35 | Build | Castle |
| 29:12 | Build | Town Center |
| 30:28 | Create | Trade Cart |
| 30:29 | Create | Trade Cart |
| 30:29 | Create | Trade Cart |
| 30:29 | Create | Trade Cart |
| 30:30 | Create | Trade Cart |
| 30:30 | Create | Trade Cart |
| 30:31 | Create | Trade Cart |
| 30:31 | Create | Trade Cart |
| 30:49 | Create | Villager (Male) |
| 30:50 | Create | Villager (Male) |
| 30:50 | Create | Villager (Male) |
| 30:50 | Create | Villager (Male) |
| 30:51 | Create | Villager (Male) |
| 31:40 | Build | Mill |
| 32:49 | Research | Stone Shaft Mining |
| 32:50 | Research | Gold Shaft Mining |
| 33:03 | Create | Knight ×5 |
| 33:04 | Create | Knight ×5 |
| 33:04 | Create | Knight ×5 |
| 33:04 | Create | Knight ×4 |
| 33:35 | Create | Villager (Male) ×5 |
| 33:36 | Create | Villager (Male) ×5 |
| 33:36 | Create | Villager (Male) ×5 |
| 33:36 | Create | Villager (Male) ×5 |
| 34:48 | Build | Monastery |
| 35:23 | Build | Lumber Camp |
| 35:30 | Create | Villager (Male) ×5 |
| 35:30 | Create | Villager (Male) ×5 |
| 35:31 | Create | Villager (Male) ×5 |
| 35:31 | Create | Villager (Male) |
| 35:31 | Create | Villager (Male) ×5 |
| 35:42 | Create | Monk |
| 36:34 | Build | Farm |
| 36:39 | Build | Farm |
| 37:29 | Build | Farm |
| 37:30 | Build | Farm |
| 37:42 | Build | Mill |
| 37:59 | Build | Farm |
| 38:10 | Build | Farm |
| 38:15 | Build | Farm |
| 38:30 | Build | Castle |
| 38:56 | Build | Farm |
| 38:57 | Build | Farm |
| 38:58 | Build | Farm |
| 38:59 | Build | Farm |
| 39:10 | Research | Two-Man Saw |
| 39:14 | Research | Imperial Age |
| 39:29 | Build | University |
| 40:12 | Build | Farm |
| 40:20 | Build | Mining Camp |
| 40:24 | Create | Coustillier ×5 |
| 40:24 | Create | Coustillier ×5 |
| 40:25 | Create | Coustillier ×5 |
| 40:25 | Create | Coustillier ×5 |
| 40:53 | Build | Mining Camp |
Build order — avvo90
First 150 of 256 actions detected
| 0:07 | Research | Loom |
| 0:19 | Build | House |
| 0:23 | Build | House |
| 0:58 | Create | Villager (Male) |
| 1:49 | Create | Villager (Male) |
| 2:10 | Create | Villager (Male) |
| 2:38 | Create | Villager (Male) |
| 2:46 | Build | Mill |
| 2:54 | Create | Villager (Male) |
| 3:24 | Create | Villager (Male) |
| 3:54 | Create | Villager (Male) |
| 4:05 | Create | Villager (Male) |
| 4:31 | Create | Villager (Male) |
| 4:57 | Create | Villager (Male) |
| 5:08 | Create | Villager (Male) |
| 5:36 | Create | Villager (Male) |
| 6:24 | Create | Villager (Male) |
| 6:32 | Build | Lumber Camp |
| 6:47 | Create | Villager (Male) |
| 7:01 | Create | Villager (Male) |
| 7:22 | Create | Villager (Male) |
| 8:14 | Build | Mining Camp |
| 9:21 | Research | Feudal Age |
| 9:52 | Build | House |
| 9:55 | Build | House |
| 10:11 | Create | Villager (Male) |
| 10:11 | Create | Villager (Male) |
| 10:47 | Build | House |
| 11:07 | Build | Farm |
| 11:08 | Build | Farm |
| 11:10 | Build | Farm |
| 11:13 | Build | Farm |
| 11:14 | Build | Farm |
| 11:31 | Age | Feudal Age |
| 11:36 | Build | Blacksmith |
| 11:40 | Create | Villager (Male) |
| 11:45 | Research | Double-Bit Axe |
| 11:51 | Research | Horse Collar |
| 12:17 | Build | Farm |
| 12:27 | Build | Farm |
| 12:30 | Create | Villager (Male) |
| 12:43 | Build | Farm |
| 12:47 | Build | Farm |
| 12:54 | Create | Villager (Male) |
| 13:08 | Build | Farm |
| 13:14 | Create | Villager (Male) |
| 13:24 | Build | Farm |
| 13:45 | Create | Villager (Male) |
| 14:08 | Create | Villager (Male) |
| 14:41 | Build | Farm |
| 14:45 | Create | Villager (Male) |
| 14:54 | Build | Farm |
| 15:02 | Create | Villager (Male) |
| 15:02 | Create | Villager (Male) |
| 15:40 | Build | Barracks |
| 15:49 | Build | Farm |
| 16:09 | Create | Villager (Male) |
| 16:10 | Create | Villager (Male) |
| 16:25 | Build | House |
| 16:26 | Build | House |
| 16:42 | Build | Mining Camp |
| 16:57 | Build | Archery Range |
| 17:04 | Create | Villager (Male) |
| 17:09 | Create | Villager (Male) |
| 17:20 | Research | Man-at-Arms (upgrade) |
| 17:36 | Build | House |
| 17:41 | Build | House |
| 17:58 | Build | Farm |
| 18:02 | Build | House |
| 18:06 | Research | Castle Age |
| 18:13 | Create | Militia |
| 18:14 | Create | Militia |
| 18:17 | Create | Skirmisher |
| 18:17 | Create | Skirmisher |
| 18:59 | Build | House |
| 19:07 | Create | Militia |
| 19:08 | Create | Militia |
| 19:11 | Create | Skirmisher |
| 19:12 | Create | Skirmisher |
| 19:41 | Build | Barracks |
| 20:11 | Create | Skirmisher |
| 20:12 | Create | Skirmisher |
| 20:12 | Create | Skirmisher |
| 20:16 | Create | Villager (Male) |
| 20:17 | Create | Villager (Male) |
| 20:33 | Create | Militia |
| 20:34 | Create | Militia |
| 20:34 | Create | Militia |
| 20:39 | Create | Skirmisher |
| 20:46 | Age | Castle Age |
| 20:47 | Build | House |
| 20:51 | Research | Long Swordsman (upgrade) |
| 20:56 | Create | Militia |
| 20:56 | Create | Militia |
| 20:56 | Create | Militia |
| 21:07 | Research | Elite Skirmisher (upgrade) |
| 21:30 | Research | Squires |
| 21:36 | Build | House |
| 21:43 | Research | Stone Mining |
| 21:46 | Create | Villager (Male) |
| 21:46 | Create | Villager (Male) |
| 22:19 | Research | Scale Mail Armor |
| 22:32 | Build | Town Center |
| 22:38 | Create | Villager (Male) |
| 22:38 | Create | Villager (Male) |
| 23:33 | Create | Villager (Male) |
| 23:34 | Create | Villager (Male) |
| 23:35 | Research | Wheelbarrow |
| 24:24 | Research | Forging |
| 24:28 | Research | Fletching |
| 24:32 | Build | House |
| 24:33 | Build | House |
| 24:42 | Create | Villager (Male) |
| 24:42 | Create | Villager (Male) |
| 24:43 | Create | Villager (Male) |
| 24:43 | Create | Villager (Male) |
| 26:25 | Build | Farm |
| 26:27 | Build | Farm |
| 26:28 | Build | Farm |
| 27:01 | Build | Siege Workshop |
| 27:04 | Create | Villager (Male) |
| 27:04 | Create | Villager (Male) |
| 27:05 | Create | Villager (Male) |
| 27:39 | Research | Arson |
| 27:56 | Build | Siege Workshop |
| 27:58 | Create | Iron Pagoda |
| 27:58 | Create | Iron Pagoda |
| 28:10 | Build | Castle |
| 28:16 | Create | Villager (Male) |
| 28:17 | Create | Villager (Male) |
| 28:21 | Create | Villager (Male) |
| 28:21 | Create | Villager (Male) |
| 30:04 | Build | Farm |
| 30:05 | Build | Farm |
| 30:15 | Build | Castle |
| 30:26 | Create | Villager (Male) |
| 30:26 | Create | Villager (Male) |
| 30:27 | Create | Villager (Male) |
| 30:27 | Create | Villager (Male) |
| 30:27 | Create | Villager (Male) |
| 30:49 | Build | Siege Workshop |
| 30:51 | Research | Heavy Plow |
| 30:57 | Research | Gold Mining |
| 31:08 | Research | Bow Saw |
| 31:22 | Build | Stone Wall |
| 31:33 | Create | Villager (Male) |
| 31:33 | Create | Villager (Male) |
| 31:33 | Create | Villager (Male) |
| 31:34 | Create | Villager (Male) |
| 31:43 | Build | University |
Build order — Гроза Крипов
First 150 of 316 actions detected
| 0:24 | Build | Mill |
| 0:33 | Build | House |
| 0:35 | Build | House |
| 0:49 | Create | Villager (Male) ×4 |
| 0:49 | Create | Villager (Male) ×4 |
| 2:33 | Create | Villager (Male) |
| 3:29 | Create | Villager (Male) |
| 3:29 | Create | Villager (Male) |
| 3:29 | Create | Villager (Male) |
| 4:00 | Create | Villager (Male) |
| 4:40 | Create | Villager (Male) |
| 4:45 | Create | Villager (Male) |
| 4:58 | Build | House |
| 5:00 | Build | House |
| 5:19 | Create | Villager (Male) |
| 5:19 | Create | Villager (Male) |
| 6:13 | Create | Villager (Male) |
| 6:14 | Create | Villager (Male) |
| 6:42 | Build | Palisade Wall |
| 6:46 | Build | Palisade Wall |
| 8:09 | Build | Mill |
| 9:34 | Build | Lumber Camp |
| 10:24 | Research | Feudal Age |
| 10:53 | Build | Palisade Wall |
| 12:34 | Age | Feudal Age |
| 12:38 | Research | Horse Collar |
| 12:41 | Research | Double-Bit Axe |
| 12:47 | Research | Wheelbarrow |
| 12:55 | Create | Villager (Male) |
| 12:55 | Create | Villager (Male) |
| 12:56 | Create | Villager (Male) |
| 12:56 | Create | Villager (Male) |
| 14:40 | Build | Palisade Wall |
| 14:58 | Build | Palisade Wall |
| 15:10 | Create | Villager (Male) |
| 15:11 | Create | Villager (Male) |
| 15:11 | Create | Villager (Male) |
| 15:29 | Build | Barracks |
| 15:50 | Build | House |
| 15:52 | Build | House |
| 15:54 | Build | House |
| 15:57 | Build | House |
| 16:22 | Build | Mining Camp |
| 16:33 | Build | Mining Camp |
| 16:51 | Build | Farm |
| 17:01 | Build | Stable |
| 17:07 | Create | Villager (Male) |
| 17:07 | Create | Villager (Male) |
| 17:08 | Create | Villager (Male) |
| 17:09 | Create | Villager (Male) |
| 17:10 | Create | Villager (Male) |
| 17:13 | Create | Villager (Male) |
| 17:24 | Create | Villager (Male) |
| 17:24 | Create | Villager (Male) |
| 17:41 | Build | Farm |
| 17:51 | Research | Gold Mining |
| 18:04 | Build | Blacksmith |
| 18:16 | Build | Farm |
| 18:24 | Build | Farm |
| 18:37 | Build | Farm |
| 19:11 | Build | Lumber Camp |
| 19:20 | Build | Mining Camp |
| 19:32 | Build | Farm |
| 19:53 | Build | Farm |
| 20:00 | Create | Spearman |
| 20:01 | Create | Spearman |
| 20:01 | Create | Spearman |
| 20:01 | Create | Spearman |
| 20:01 | Create | Spearman |
| 20:02 | Create | Spearman |
| 20:02 | Create | Spearman |
| 21:43 | Create | Villager (Male) |
| 21:43 | Create | Villager (Male) |
| 21:44 | Create | Villager (Male) |
| 21:44 | Create | Villager (Male) |
| 21:44 | Create | Villager (Male) |
| 21:44 | Create | Villager (Male) |
| 22:19 | Build | Farm |
| 22:31 | Research | Stone Mining |
| 22:49 | Build | Farm |
| 23:11 | Build | Farm |
| 23:29 | Create | Villager (Male) |
| 23:29 | Create | Villager (Male) |
| 23:29 | Create | Villager (Male) |
| 23:29 | Create | Villager (Male) |
| 23:48 | Build | Mining Camp |
| 24:26 | Build | Farm |
| 24:47 | Build | Farm |
| 25:12 | Build | Farm |
| 25:18 | Create | Villager (Male) |
| 26:23 | Research | Castle Age |
| 26:37 | Build | House |
| 26:39 | Build | House |
| 26:40 | Build | House |
| 26:41 | Build | House |
| 26:43 | Build | House |
| 26:49 | Build | House |
| 26:50 | Build | House |
| 26:53 | Build | House |
| 26:54 | Build | House |
| 26:55 | Build | House |
| 27:15 | Research | Bloodlines |
| 29:03 | Age | Castle Age |
| 29:11 | Build | Town Center |
| 29:23 | Research | Bow Saw |
| 29:27 | Research | Heavy Plow |
| 29:31 | Research | Hand Cart |
| 29:36 | Research | Gold Shaft Mining |
| 29:44 | Research | Husbandry |
| 29:58 | Create | Villager (Male) |
| 29:58 | Create | Villager (Male) |
| 29:58 | Create | Villager (Male) |
| 30:21 | Build | Castle |
| 30:30 | Create | Villager (Male) |
| 30:31 | Create | Villager (Male) |
| 30:31 | Create | Villager (Male) |
| 30:32 | Create | Villager (Male) |
| 31:33 | Build | House |
| 31:34 | Build | House |
| 31:36 | Build | House |
| 31:37 | Build | House |
| 31:39 | Build | House |
| 31:40 | Build | House |
| 31:41 | Build | House |
| 31:47 | Build | House |
| 31:55 | Build | Farm |
| 32:02 | Build | Farm |
| 32:10 | Build | Farm |
| 32:17 | Research | Scale Barding Armor |
| 32:23 | Create | Knight |
| 32:23 | Create | Knight |
| 32:24 | Create | Knight |
| 32:24 | Create | Knight |
| 32:24 | Create | Knight |
| 32:25 | Create | Knight |
| 32:25 | Create | Knight |
| 32:25 | Create | Knight |
| 32:25 | Create | Knight |
| 32:47 | Build | Farm |
| 32:52 | Create | Villager (Male) |
| 32:52 | Create | Villager (Male) |
| 32:52 | Create | Villager (Male) |
| 33:05 | Create | Villager (Male) |
| 33:05 | Create | Villager (Male) |
| 33:05 | Create | Villager (Male) |
| 33:11 | Create | Villager (Male) |
| 33:23 | Build | Farm |
| 33:40 | Build | Farm |
| 33:57 | Build | Farm |
| 34:05 | Build | Farm |
Match timeline
| 6:42 | Гроза Крипов · wall_segment Palisade Wall x11 |
| 6:46 | Гроза Крипов · wall_segment Palisade Wall x19 |
| 8:12 | Toasterhase · first_building Barracks |
| 10:25 | Toasterhase · age_up feudal |
| 10:53 | Гроза Крипов · wall_segment Palisade Wall x14 |
| 11:31 | avvo90 · age_up feudal |
| 11:35 | STRONG, BUT TRICKY, ZOG! · age_up feudal |
| 12:04 | Miccit88 · first_building Barracks |
| 12:14 | STRONG, BUT TRICKY, ZOG! · wall_segment Stone Wall x20 |
| 12:34 | Гроза Крипов · age_up feudal |
| 12:44 | wiroo99 · age_up feudal |
| 14:19 | Miccit88 · first_building Stable |
| 14:33 | Ansgar der geile Grönländer · first_building Barracks |
| 14:40 | Гроза Крипов · wall_segment Palisade Wall x13 |
| 14:45 | Toasterhase · wall_segment Palisade Wall x11 |
| 14:49 | S.A.A. ShNiDeR · age_up feudal |
| 14:55 | Ansgar der geile Grönländer · age_up feudal |
| 14:58 | Гроза Крипов · wall_segment Palisade Wall x7 |
| 15:29 | Гроза Крипов · first_building Barracks |
| 15:40 | avvo90 · first_building Barracks |
| 15:43 | Ansgar der geile Grönländer · first_building Archery Range |
| 15:44 | STRONG, BUT TRICKY, ZOG! · first_market_buy 100 wood |
| 16:04 | Toasterhase · wall_segment Palisade Wall x3 |
| 16:16 | wiroo99 · first_building Barracks |
| 16:43 | STRONG, BUT TRICKY, ZOG! · wall_segment Stone Wall x13 |
| 16:57 | avvo90 · first_building Archery Range |
| 17:01 | Гроза Крипов · first_building Stable |
| 19:36 | STRONG, BUT TRICKY, ZOG! · first_building Barracks |
| 19:41 | STRONG, BUT TRICKY, ZOG! · age_up castle |
| 19:53 | wiroo99 · first_building Archery Range |
| 20:05 | Toasterhase · wall_segment Palisade Wall x10 |
| 20:07 | STRONG, BUT TRICKY, ZOG! · first_building Castle |
| 20:07 | Toasterhase · wall_segment Palisade Wall x4 |
| 20:46 | avvo90 · age_up castle |
| 21:33 | Toasterhase · first_building Archery Range |
| 22:22 | S.A.A. ShNiDeR · first_building Barracks |
| 22:28 | Toasterhase · first_market_buy 100 food |
| 22:51 | STRONG, BUT TRICKY, ZOG! · wall_segment Stone Wall x13 |
| 24:13 | Miccit88 · wall_segment Stone Wall x10 |
| 24:21 | Miccit88 · wall_segment Stone Wall x14 |
| 25:26 | Toasterhase · age_up castle |
| 25:32 | Ansgar der geile Grönländer · first_building Stable |
| 25:49 | Miccit88 · first_building Castle |
| 26:03 | Toasterhase · first_market_sell 100 food |
| 26:05 | Ansgar der geile Grönländer · age_up castle |
| 26:22 | Toasterhase · first_building Castle |
| 27:01 | avvo90 · first_building Siege Workshop |
| 27:32 | wiroo99 · first_building Stable |
| 27:55 | Miccit88 · wall_segment Stone Wall x13 |
| 28:10 | avvo90 · first_building Castle |
| 28:35 | Ansgar der geile Grönländer · first_building Castle |
| 29:03 | Гроза Крипов · age_up castle |
| 29:45 | Miccit88 · first_building Siege Workshop |
| 29:59 | wiroo99 · age_up castle |
| 30:18 | Miccit88 · first_building Monastery |
| 30:21 | Гроза Крипов · first_building Castle |
| 30:29 | S.A.A. ShNiDeR · age_up castle |
| 30:38 | Miccit88 · wall_segment Stone Wall x20 |
| 30:40 | wiroo99 · first_building Castle |
| 31:22 | avvo90 · wall_segment Stone Wall x11 |
| 31:36 | S.A.A. ShNiDeR · first_building Castle |
| 31:43 | STRONG, BUT TRICKY, ZOG! · first_building Stable |
| 32:01 | Toasterhase · first_building Monastery |
| 32:24 | avvo90 · wall_segment Stone Wall x7 |
| 32:40 | avvo90 · first_building Monastery |
| 33:38 | avvo90 · wall_segment Stone Wall x3 |
| 34:04 | STRONG, BUT TRICKY, ZOG! · age_up imperial |
| 34:41 | avvo90 · wall_segment Stone Wall x4 |
| 34:48 | Ansgar der geile Grönländer · first_building Monastery |
| 36:31 | STRONG, BUT TRICKY, ZOG! · first_market_sell 100 stone |
| 36:34 | avvo90 · age_up imperial |
| 37:50 | STRONG, BUT TRICKY, ZOG! · first_building Siege Workshop |
| 38:22 | avvo90 · wall_segment Stone Wall x7 |
| 39:48 | avvo90 · wall_segment Stone Wall x3 |
| 42:23 | avvo90 · wall_segment Stone Wall x7 |
| 44:02 | wiroo99 · first_building Siege Workshop |
| 44:14 | Ansgar der geile Grönländer · age_up imperial |
| 44:51 | avvo90 · wall_segment Stone Wall x7 |
| 45:29 | Гроза Крипов · age_up imperial |
| 47:20 | Гроза Крипов · first_market_sell 100 food |
| 48:50 | S.A.A. ShNiDeR · age_up imperial |
| 49:39 | wiroo99 · first_building Monastery |
| 50:08 | Miccit88 · resign |
[ AI ANALYSIS · 1 CREDIT ]
What really happened in this match?
Wolo.gg analyzes every decision: build order, eco, micro, common mistakes by bracket. Personalized analysis on WhatsApp or Discord in 30 seconds.
Civ guide
Gurjaras
Map guide
Arabia
Perfil
Jugador #430396